3AA
DURHAM RAPIERS @ VIRGINIA BEACH DEUCES
05/27/2033
 
TOP OF THE 1ST
Durham Rapiers batting - Pitching for Virginia Beach Deuces : RHP Pedro López
Pitching: RHP Pedro López
Batting: RHB Askari bin Idris 0-0: Ground out 3-1 (Groundball, 34S)
Batting: LHB Steve Costillo 0-0: Foul Ball, location: 2F
0-1: Ground out 6-3 (Groundball, 6)
Batting: RHB Tomás Costello 0-0: Called Strike
0-1: Called Strike
0-2: Foul Ball, location: 2F
0-2: Strikes out swinging
Top of the 1st over - 0 runs, 0 hits, 0 errors, 0 left on base; Durham 0 - Virginia Beach 0
BOTTOM OF THE 1ST
Virginia Beach Deuces batting - Pitching for Durham Rapiers : RHP Cisco Pérez
Pitching: RHP Cisco Pérez
Batting: RHB Luis Díaz 0-0: Ball
1-0: Ball
2-0: Ball
3-0: Foul Ball, location: 2F
3-1: Called Strike
3-2: Strikes out looking
Batting: RHB Stephen McManus 0-0: Ball
1-0: Swinging Strike
1-1: Foul Ball, location: 2F
1-2: Ground out 3-1 (Groundball, 34)
Batting: RHB Owen Cannon 0-0: Ball
1-0: Called Strike
1-1: Called Strike
1-2: Strikes out looking
Bottom of the 1st over - 0 runs, 0 hits, 0 errors, 0 left on base; Durham 0 - Virginia Beach 0
TOP OF THE 2ND
Durham Rapiers batting - Pitching for Virginia Beach Deuces : RHP Pedro López
Batting: RHB Mun-wah Law 0-0: Called Strike
0-1: Ball
1-1: Called Strike
1-2: Fly out, F8 (Flyball, 8RD)
Batting: RHB Keiran Calleson 0-0: Called Strike
0-1: Foul Ball, location: 2F
0-2: Ball
1-2: Ball
2-2: Strikes out looking
Batting: RHB Guillermo Mata 0-0: Called Strike
0-1: Ball
1-1: Ground out 6-3 (Groundball, 56)
Top of the 2nd over - 0 runs, 0 hits, 0 errors, 0 left on base; Durham 0 - Virginia Beach 0
BOTTOM OF THE 2ND
Virginia Beach Deuces batting - Pitching for Durham Rapiers : RHP Cisco Pérez
Batting: RHB Clarence Weber 0-0: Ground out 5-3 (Groundball, 5)
Batting: SHB Iikka Karpinen 0-0: Ball
1-0: Foul Ball, location: 2F
1-1: Foul Ball, location: 2F
1-2: Ball
2-2: Ball
3-2: Fly out, F8 (Flyball, 8RD)
Batting: RHB James Hill 0-0: Fly out, F9 (Flyball, 9)
Bottom of the 2nd over - 0 runs, 0 hits, 0 errors, 0 left on base; Durham 0 - Virginia Beach 0
TOP OF THE 3RD
Durham Rapiers batting - Pitching for Virginia Beach Deuces : RHP Pedro López
Batting: LHB Dante Aristizabal 0-0: Ball
1-0: Ball
2-0: Called Strike
2-1: Foul Ball, location: 2F
2-2: Ground out 6-3 (Groundball, 6D)
Batting: RHB Qwuntrezz Knight 0-0: Swinging Strike
0-1: Swinging Strike
0-2: Fly out, F5 (Line Drive, 56)
Batting: RHB Yoshi Kouda 0-0: Ball
1-0: Foul Ball, location: 2F
1-1: Ground out 4-3 (Groundball, 34)
Top of the 3rd over - 0 runs, 0 hits, 0 errors, 0 left on base; Durham 0 - Virginia Beach 0
BOTTOM OF THE 3RD
Virginia Beach Deuces batting - Pitching for Durham Rapiers : RHP Cisco Pérez
Batting: RHB Richard Sonntag 0-0: Foul Ball, location: 2F
0-1: Ball
1-1: Ball
2-1: Foul Ball, location: 2F
2-2: Foul Ball, location: 2F
2-2: Ball
3-2: Strikes out swinging
Batting: LHB Félix González 0-0: Swinging Strike
0-1: Swinging Strike
0-2: Foul Ball, location: 2F
0-2: Foul Ball, location: 2F
0-2: DOUBLE (Flyball, 7LD)
Batting: RHB Gerardo Espinoza 0-0: Foul Ball, location: 2F
0-1: Foul Ball, location: 2F
0-2: Foul Ball, location: 2F
0-2: Strikes out swinging
Batting: RHB Luis Díaz 0-0: Fly out, F7 (Flyball, 7)
Bottom of the 3rd over - 0 runs, 1 hit, 0 errors, 1 left on base; Durham 0 - Virginia Beach 0
TOP OF THE 4TH
Durham Rapiers batting - Pitching for Virginia Beach Deuces : RHP Pedro López
Batting: RHB Askari bin Idris 0-0: Ball
1-0: Ground out U3 (Groundball, 34)
Batting: LHB Steve Costillo 0-0: Foul Ball, location: 2F
0-1: Called Strike
0-2: Ball
1-2: Ball
2-2: Foul Ball, location: 2F
2-2: Ball
3-2: Strikes out swinging
Batting: RHB Tomás Costello 0-0: Ball
1-0: Ball
2-0: Foul Ball, location: 2F
2-1: SINGLE (Line Drive, 8LS)
Batting: RHB Mun-wah Law 0-0: Called Strike
0-1: Foul Ball, location: 2F
0-2: Foul Ball, location: 2F
0-2: Strikes out swinging
Top of the 4th over - 0 runs, 1 hit, 0 errors, 1 left on base; Durham 0 - Virginia Beach 0
BOTTOM OF THE 4TH
Virginia Beach Deuces batting - Pitching for Durham Rapiers : RHP Cisco Pérez
Batting: RHB Stephen McManus 0-0: Ground out 5-3 (Groundball, 5L)
Batting: RHB Owen Cannon 0-0: Ball
1-0: Ball
2-0: Called Strike
2-1: Foul Ball, location: 2F
2-2: Ball
3-2: SINGLE (Flyball, 34D)
Batting: RHB Clarence Weber 0-0: Ball
1-0: Foul Ball, location: 2F
1-1: Ball
2-1: Foul Ball, location: 2F
2-2: Foul Ball, location: 2F
2-2: Foul Ball, location: 2F
2-2: Ball
3-2: Fly out, F4 (Line Drive, 4)
Batting: SHB Iikka Karpinen 0-0: Called Strike
0-1: Ball
1-1: Ball
Owen Cannon is caught stealing 2nd base
Bottom of the 4th over - 0 runs, 1 hit, 0 errors, 0 left on base; Durham 0 - Virginia Beach 0
TOP OF THE 5TH
Durham Rapiers batting - Pitching for Virginia Beach Deuces : RHP Pedro López
Batting: RHB Keiran Calleson 0-0: Ball
1-0: Ball
2-0: Called Strike
2-1: Foul Ball, location: 2F
2-2: Ground out U3 (Groundball, 3)
Batting: RHB Guillermo Mata 0-0: Ball
1-0: Ball
2-0: Called Strike
2-1: Foul Ball, location: 2F
2-2: Strikes out looking
Batting: LHB Dante Aristizabal 0-0: Called Strike
0-1: Ball
1-1: Ball
2-1: Ground out 4-3 (Groundball, 4)
Top of the 5th over - 0 runs, 0 hits, 0 errors, 0 left on base; Durham 0 - Virginia Beach 0
BOTTOM OF THE 5TH
Virginia Beach Deuces batting - Pitching for Durham Rapiers : RHP Cisco Pérez
Batting: SHB Iikka Karpinen 0-0: Called Strike
0-1: Ball
1-1: Called Strike
1-2: Foul Ball, location: 2F
1-2: Strikes out swinging
Batting: RHB James Hill 0-0: Ball
1-0: Swinging Strike
1-1: Fly out, F7 (Line Drive, 7)
Batting: RHB Richard Sonntag 0-0: Ground out 6-3 (Groundball, 6)
Bottom of the 5th over - 0 runs, 0 hits, 0 errors, 0 left on base; Durham 0 - Virginia Beach 0
TOP OF THE 6TH
Durham Rapiers batting - Pitching for Virginia Beach Deuces : RHP Pedro López
Batting: RHB Qwuntrezz Knight 0-0: Called Strike
0-1: Foul Ball, location: 2F
0-2: Ball
1-2: Strikes out swinging, 2-3 out at first.
Batting: RHB Yoshi Kouda 0-0: Ground out 5-3 (Groundball, 56)
Batting: RHB Askari bin Idris 0-0: Called Strike
0-1: Ball
1-1: Ground out 6-3 (Groundball, 6)
Top of the 6th over - 0 runs, 0 hits, 0 errors, 0 left on base; Durham 0 - Virginia Beach 0
BOTTOM OF THE 6TH
Virginia Beach Deuces batting - Pitching for Durham Rapiers : RHP Cisco Pérez
Batting: LHB Félix González 0-0: Ball
1-0: Ball
2-0: Foul Ball, location: 2F
2-1: Swinging Strike
2-2: Ball
3-2: Strikes out swinging
Batting: RHB Gerardo Espinoza 0-0: Ball
1-0: Called Strike
1-1: Ball
2-1: Ball
3-1: Foul Ball, location: 2F
3-2: Strikes out swinging
Batting: RHB Luis Díaz 0-0: Ball
1-0: Foul Ball, location: 2F
1-1: Ball
2-1: SINGLE (Groundball, 34D)
Batting: RHB Stephen McManus 0-0: Ball
Luis Díaz steals 2nd base
1-0: SINGLE (Groundball, 34D)
Luis Díaz to third
Runner from 3rd tries for Home, SAFE, no throw
Batting: RHB Owen Cannon 0-0: Called Strike
0-1: Ball
1-1: Ball
2-1: Foul Ball, location: 2F
2-2: Foul Ball, location: 2F
2-2: Foul Ball, location: 2F
2-2: Ball
3-2: Fly out, F7 (Flyball, 7LS)
Bottom of the 6th over - 1 run, 2 hits, 0 errors, 1 left on base; Durham 0 - Virginia Beach 1
TOP OF THE 7TH
Durham Rapiers batting - Pitching for Virginia Beach Deuces : RHP Pedro López
Batting: LHB Steve Costillo 0-0: Foul Ball, location: 2F
0-1: Ball
1-1: Ground out 6-3 (Groundball, 6)
Batting: RHB Tomás Costello 0-0: Foul Ball, location: 2F
0-1: Called Strike
0-2: Ball
1-2: Strikes out swinging
Batting: RHB Mun-wah Law 0-0: Ball
1-0: Called Strike
1-1: Foul Ball, location: 2F
1-2: Foul Ball, location: 2F
1-2: Ball
2-2: DOUBLE (Line Drive, 78XD)
Batting: RHB Keiran Calleson 0-0: Ball
1-0: Ball
2-0: Foul Ball, location: 2F
2-1: Ground out 5-3 (Groundball, 56)
Top of the 7th over - 0 runs, 1 hit, 0 errors, 1 left on base; Durham 0 - Virginia Beach 1
BOTTOM OF THE 7TH
Virginia Beach Deuces batting - Pitching for Durham Rapiers : RHP Cisco Pérez
Batting: RHB Clarence Weber 0-0: Called Strike
0-1: Called Strike
0-2: Foul Ball, location: 2F
0-2: Foul Ball, location: 2F
0-2: Hit by Pitch
Pitching: RHP António Fernández
Batting: SHB Iikka Karpinen 0-0: Foul Ball, location: 2F
0-1: Swinging Strike
0-2: SINGLE (Groundball, 3D)
Clarence Weber to second
Runner from 2nd tries for 3rd, SAFE, no throw
Batting: RHB James Hill 0-0: Ball
1-0: Ball
2-0: Ball
3-0: Base on Balls
Iikka Karpinen to second
Batting: RHB Richard Sonntag 0-0: DOUBLE (Line Drive, 78D)
Clarence Weber scores
Iikka Karpinen scores
James Hill to third
Batting: LHB Félix González 0-0: Intentional Walk
Batting: RHB Gerardo Espinoza 0-0: Ball
Wild Pitch!
James Hill scores
Richard Sonntag to third
Félix González to second
1-0: Ball
2-0: Called Strike
2-1: Called Strike
2-2: Ball
3-2: Base on Balls
Batting: RHB Luis Díaz 0-0: Foul Ball, location: 2F
0-1: Foul Ball, location: 2F
0-2: Grounds into fielders choice 3-2 (Groundball, 34)
Félix González to third
Gerardo Espinoza to second
Batting: RHB Stephen McManus 0-0: Called Strike
0-1: Ball
1-1: Called Strike
1-2: Ball
2-2: Grounds into double play, 6-2-3 (Groundball, 6)
Bottom of the 7th over - 3 runs, 2 hits, 0 errors, 2 left on base; Durham 0 - Virginia Beach 4
TOP OF THE 8TH
Durham Rapiers batting - Pitching for Virginia Beach Deuces : RHP Pedro López
Batting: RHB Guillermo Mata 0-0: SINGLE (Line Drive, 8RM)
Batting: LHB Dante Aristizabal 0-0: Called Strike
0-1: Called Strike
0-2: Strikes out swinging
Batting: RHB Qwuntrezz Knight 0-0: Called Strike
0-1: Fly out, F5 (Popup, 5L)
Batting: RHB Yoshi Kouda 0-0: Ball
1-0: Foul Ball, location: 2F
1-1: Ball
2-1: SINGLE (Flyball, 8LS)
Guillermo Mata to second
Batting: RHB Askari bin Idris 0-0: Called Strike
0-1: Foul Ball, location: 2F
0-2: Fly out, F5 (Flyball, 5D)
Top of the 8th over - 0 runs, 2 hits, 0 errors, 2 left on base; Durham 0 - Virginia Beach 4
BOTTOM OF THE 8TH
Virginia Beach Deuces batting - Pitching for Durham Rapiers : RHP António Fernández
Batting: RHB Owen Cannon 0-0: Called Strike
0-1: Ball
1-1: Ball
2-1: Ball
3-1: Foul Ball, location: 2F
3-2: SINGLE (Line Drive, 7LS)
Batting: RHB Clarence Weber 0-0: Ball
1-0: Swinging Strike
1-1: Foul Ball, location: 2F
1-2: Ball
2-2: Fly out, F8 (Flyball, 89D)
Batting: SHB Iikka Karpinen 0-0: Called Strike
0-1: Ball
1-1: Ball
2-1: Foul Ball, location: 2F
2-2: SINGLE (Groundball, 4D)
Owen Cannon to second
Runner from 2nd tries for 3rd, OUT!
Batting: RHB James Hill 0-0: Ball
1-0: Ball
2-0: SINGLE (Groundball, 6MD)
Iikka Karpinen to second
Runner from 2nd tries for 3rd, OUT!
Bottom of the 8th over - 0 runs, 3 hits, 0 errors, 1 left on base; Durham 0 - Virginia Beach 4
TOP OF THE 9TH
Durham Rapiers batting - Pitching for Virginia Beach Deuces : RHP Pedro López
Batting: LHB Steve Costillo 0-0: SINGLE (Line Drive, 56)
Batting: RHB Tomás Costello 0-0: Called Strike
0-1: Fly out, F8 (Flyball, 8RS)
Batting: RHB Mun-wah Law 0-0: Foul Ball, location: 2F
0-1: Ball
1-1: Ball
2-1: Grounds into double play, 5-4-3 (Groundball, 5)
Top of the 9th over - 0 runs, 1 hit, 0 errors, 0 left on base; Durham 0 - Virginia Beach 4
Saturday, December 22nd, 2018 - OOTP Baseball 18.8 Build 76